 Dungeon Crawl Stone Soup version 0.30-a0-860-g512cf1e979 (webtiles) character file.

Game seed: 15680913229362966054

243397 gorillaNest the Devastator (level 18, 0/116 HPs)
             Began as a Deep Elf Fire Elementalist on Mar 3, 2023.
             Was the Champion of Vehumet.
             Slain by a rockslime (29 damage)
             ... on level 1 of the Pits of Slime on Mar 7, 2023.
             The game lasted 04:45:32 (61917 turns).

gorillaNest the Devastator (DEFE)                  Turns: 61917, Time: 04:45:32

Health: 0/116      AC: 18    Str:  5    XL:     18   Next: 70%
Magic:  42/51      EV: 14    Int: 31    God:    Vehumet [******]
Gold:   2026       SH:  7    Dex: 18    Spells: 4/54 levels left

rFire   + + +      SeeInvis +    c - +3 Elemental Staff {rElec rF++ rC++ AC+5}
rCold   + . .      Faith    .    n - +3 buckler {AC+3}
rNeg    . . .      Spirit   .    F - +0 swamp dragon scales
rPois   +          Reflect  .    W - +2 helmet {SInv}
rElec   +          Rampage  .    L - +1 cloak
rCorr   +                        m - +0 pair of gloves {Dex+3}
Will    ++...                    l - +0 pair of boots
Stlth   ++++                     D - amulet of magic regeneration
HPRegen 0.39/turn                y - ring of Vuafenna {Fire Will+ MP+9 Int+2}
MPRegen 0.72/turn                r - ring of resist corrosion

@: studying Dodging, corroded
A: no striking features
}: 2/15 runes: barnacled, gossamer
a: Renounce Religion


You were on level 1 of the Pits of Slime.
You worshipped Vehumet.
Vehumet was exalted by your worship.
You visited 7 branches of the dungeon, and saw 29 of its levels.
You also visited: Volcano.

You collected 2892 gold pieces.
You spent 866 gold pieces at shops.

Inventory:

Hand Weapons
 c - the +3 Elemental Staff (weapon) {rElec rF++ rC++ AC+5}
   (You acquired it on level 3 of the Dungeon)

   It enhances your fire, ice, earth and air magic.
   AC:        It affects your AC (+5).
   rF:        It greatly protects you from fire.
   rC:        It greatly protects you from cold.
   rElec:     It insulates you from electricity.
Armour
 l - a +0 pair of boots (worn)
 m - a +0 pair of gloves of dexterity (worn)
 n - a +3 buckler of protection (worn)
 F - +0 swamp dragon scales (worn)
 K - the +0 robe of Sopheul {Will+}
   (You bought it in a shop on level 1 of the Dungeon)

   Will:      It increases your willpower.
 L - a +1 cloak (worn)
 O - a scarf of invisibility
 P - a +1 robe of fire resistance
 R - a +1 hat of stealth
 W - a +2 helmet of see invisible (worn)
Jewellery
 a - a ring of see invisible
 g - a ring of protection from fire
 i - a ring of flight
 r - a ring of resist corrosion (right hand)
 y - the ring of Vuafenna (left hand) {Fire Will+ MP+9 Int+2}
   (You found it on level 5 of the Lair of Beasts)

   [ring of fire]

   It enhances your fire magic.
   Int:       It affects your intelligence (+2).
   rF:        It protects you from fire.
   rC:        It makes you vulnerable to cold.
   MP:        It affects your magic capacity (+9).
   Will:      It increases your willpower.
 A - a +6 ring of intelligence
 D - an amulet of magic regeneration (around neck)
 J - a ring of wizardry
 S - a ring of protection from cold
Wands
 h - a wand of quicksilver (23)
 o - a wand of mindburst (37)
 p - a wand of iceblast (27)
 G - a wand of charming (17)
 I - a wand of flame (35)
 N - a wand of digging (13)
Scrolls
 j - 6 scrolls of fear
 q - 3 scrolls of fog
 s - a scroll of brand weapon
 t - 2 scrolls of silence
 x - 3 scrolls of enchant armour
 z - a scroll of enchant weapon
 H - 7 scrolls of teleportation
 M - 2 scrolls of poison
 Q - 8 scrolls of identify
 T - 2 scrolls of magic mapping
 U - a scroll of amnesia
Potions
 b - a potion of magic
 d - 3 potions of curing
 e - 8 potions of haste
 f - a potion of brilliance
 k - 6 potions of heal wounds
 u - 3 potions of berserk rage
 v - 5 potions of mutation
 w - 3 potions of resistance
 B - 5 potions of might
 C - 3 potions of invisibility
 E - a potion of flight
 V - 2 potions of attraction
 X - 10 potions of ambrosia
 Z - a potion of cancellation {unknown}
Miscellaneous
 Y - a phial of floods


   Skills:
 * Level 13.8 Fighting
 - Level 13.3 Dodging
 - Level 10.3 Stealth
 + Level 18.5 Spellcasting
 * Level 19.3 Conjurations
 - Level 6.0 Summonings
 + Level 12.8 Fire Magic
 - Level 8.1 Ice Magic
 - Level 6.0 Air Magic
 - Level 7.5 Earth Magic
 - Level 6.1 Poison Magic


You had 4 spell levels left.
You knew the following spells:

 Your Spells              Type           Power      Damage    Failure   Level
a - Foxfire               Conj/Fire      100%       2x1d9     0%          1
b - Scorch                Fire           100%       2d10      1%          2
c - Flame Wave            Conj/Fire      100%       2d21      1%          4
d - Mephitic Cloud        Conj/Pois/Air  96%        N/A       1%          3
e - Apportation           Tloc           56%        N/A       10%         1
f - Ignite Poison         Fire/Tmut/Pois 100%       N/A       1%          3
g - Lightning Bolt        Conj/Air       51%        1d72      1%          5
h - Fireball              Conj/Fire      69%        3d26      1%          5
i - Airstrike             Air            39%        2d(6-22)  2%          4
j - Summon Lightning Spi  Summ/Air       78%        N/A       8%          4
k - Starburst             Conj/Fire      69%        6d18      1%          6
l - Orb of Destruction    Conj           49%        9d13      1%          7
m - Freezing Cloud        Conj/Ice/Air   60%        6-21      1%          5

Your spell library contained the following spells:

 Spells                   Type           Power      Damage    Failure   Level
 Ignition                 Fire           63%        3d17      58%         8
 Fire Storm               Conj/Fire      69%        8d17      95%         9
 Shatter                  Erth           42%        3d33*     100%        9
 Magic Dart               Conj           100%       1d8       0%          1
 Kiss of Death            Conj/Necr      100%       2d13      1%          1
 Shock                    Conj/Air       100%       1d9       1%          1
 Call Imp                 Summ           60%        N/A       1%          2
 Static Discharge         Conj/Air       100%       2-7/arc   1%          2
 Inner Flame              Hex/Fire       100%       N/A       1%          3
 Kindle Blastsparks       Fire/Tloc/Air  100%       2d18      1%          3
 Ozocubu's Armour         Ice            87%        N/A       1%          3
 Stone Arrow              Conj/Erth      100%       3d13      1%          3
 Iskenderun's Mystic Bla  Conj/Tloc      73%        2d15      1%          4
 Swiftness                Air            78%        N/A       2%          3
 Summon Ice Beast         Ice/Summ       83%        N/A       4%          4
 Animate Armour           Summ/Erth      100%       N/A       6%          4
 Summon Guardian Golem    Hex/Summ       47%        N/A       9%          3
 Vhi's Electric Charge    Tloc/Air       100%       N/A       9%          3
 Confusing Touch          Hex            28%        N/A       28%         3
 Animate Dead             Necr           28%        N/A       67%         4
 Dispel Undead            Necr           28%        3d13      67%         4
 Arcjolt                  Conj/Air       51%        1d61      1%          5
 Spellforged Servitor     Conj/Summ      41%        N/A       12%         7
 Borgnjor's Vile Clutch   Necr/Erth      33%        N/A       50%         5
 Lehudib's Crystal Spear  Conj/Erth      53%        10d12     50%         8
 Ozocubu's Refrigeration  Ice            43%        4d17      54%         7
 Alistair's Intoxication  Tmut/Pois      31%        N/A       58%         5
 Summon Forest            Summ/Tloc      23%        N/A       58%         5
 Summon Mana Viper        Hex/Summ       47%        N/A       58%         5
 Summon Cactus Giant      Summ           30%        N/A       77%         6
 Death Channel            Necr           14%        N/A       100%        6
 Monstrous Menagerie      Summ           30%        N/A       100%        7


Dungeon Overview and Level Annotations

Branches:
Dungeon (11/15)            Temple (1/1) D:5            Lair (5/5) D:10
 Shoals (4/4) Lair:2       Spider (4/4) Lair:2        Slime (2/5) Lair:5
    Orc (2/2) D:10            Elf (0/3) Orc:2       Volcano (visited)

Altars:
Ashenzari
Cheibriados
Dithmenos
Elyvilon
Fedhas
Gozag
Hepliaklqana
Kikubaaqudgha
Makhleb
Nemelex Xobeh
Okawaru
Qazlal
Ru
Sif Muna
Trog
Uskayaw
Vehumet
Wu Jian
Xom
Yredelemnul
Zin
The Shining One
Jiyva

Shops:
D:1 *   Orc:2 (*:*   Shoals:1 [(**   Shoals:2 [   Shoals:3 [   Shoals:4 :

Portals:
Pandemonium: Orc:2

Annotations:
Shoals:3 6 transporters, 1 runed translucent door, pzskc383's ghost, adept GrFi


Message History

Press: ? - help, Shift-Dir - straight line, f - rockslime
Aim: a rockslime (lightly wounded)
You block the rockslime's attack.
The orb of destruction hits the rockslime!!!
You blow up the rockslime!
Vehumet accepts your kill.
You feel your power returning.
Casting: Orb of Destruction (dangerous; 1% risk of failure)
Confirm with . or Enter, or press ? or * to list all spells.
Aiming: Orb of Destruction (dangerous; 1% risk of failure)
Press: ? - help, Shift-Dir - straight line, f - rockslime
Aim: a rockslime (lightly wounded)
Okay, then.
The rockslime barely misses you. The rockslime completely misses you.
The rockslime hits you!!
You hold your ground!
You climb upwards.
There is a stone staircase leading down here.
Casting: Orb of Destruction (dangerous; 1% risk of failure)
Confirm with . or Enter, or press ? or * to list all spells.
Casting: Starburst (mildly dangerous; 1% risk of failure)
Press: ? - help, Dir - look around, f - activate You feel a strong surge of power!
The bolt of fire hits the rockslime!
The rockslime resists.
The rockslime is lightly wounded.
The bolt of fire hits the rockslime.
The rockslime resists.
The rockslime is moderately wounded.
The bolt of fire hits the rockslime!
The rockslime resists.
The rockslime is moderately wounded.
You block the rockslime's attack. The rockslime hits you!!
You hold your ground!
The rockslime hits you.
You hold your ground!
The rockslime hits you.
You stumble backwards!
The rockslime hits you!!
* * * LOW HITPOINT WARNING * * *
You stumble backwards!
Acid dripping from the walls corrodes you.
You feel much better. The rockslime hits you!!
* * * LOW HITPOINT WARNING * * *
You hold your ground!
The rockslime hits you!!
You die...

#.................#.....^..
##...............##.......#
#.......#........#.......##
#...............##......##
#.................#......##
##.......>................#
##.#....................##
#.......JJ.<.....##......#
#.......J@.......###....##
##......#.........##...##
###...###.....#.##.....#
##.....###....#...#..#.##
##.......##.....#.#...###
#.........#....##.##.##
##.#.....#....## ..###
###....###....# .## ##.###
###...#


You could see 3 rockslimes.

Vanquished Creatures
  Nikola (Spider:2)
  A kraken (Shoals:4)
  2 acid blobs (Slime:1)
  Gastronok (Lair:3)
  Kirke (Spider:4)
  2 rockslimes (Slime:2)
  Ilsuiw (Shoals:4)
  Louise (Spider:2)
  7 emperor scorpions
  2 ghost moths
  A quicksilver ooze (Slime:1)
  5 broodmothers
  3 spark wasps
  A red draconian (Volcano)
  12 merfolk impalers
  5 entropy weavers
  2 merfolk javelineers (Shoals:4)
  A great orb of eyes (Slime:1)
  2 catoblepae (Lair:2)
  Erolcha (D:9)
  A demonspawn (Orc:2)
  7 hydras
  3 two-headed ogres
  4 merfolk avatars
  7 radroaches
  4 boulder beetles
  5 merfolk aquamancers
  2 centaur warriors
  7 death yaks
  6 orc high priests (Orc:2)
  5 satyrs
  Sonja (Orc:2)
  8 skysharks
  A skeletal warrior (D:10)
  A soul eater (Orc:2)
  14 sea snakes
  4 pharaoh ants
  6 sun moths
  A salamander mystic (Volcano)
  15 orb spiders
  6 steelbarb worms
  2 lindwurms (Lair:5)
  31 harpies
  A deep elf pyromancer (Volcano)
  6 orc knights
  28 wolf spiders
  9 orc sorcerers
  5 cyclopes
  15 fauns
  The ghost of TimeIsEndless the Shooter, a novice TeHu (D:7)
  A salamander (Volcano)
  15 manticores
  4 elephants
  15 merfolk sirens
  6 demonic crawlers
  6 black mambas
  3 moths of wrath
  8 water nymphs
  7 torpor snails
  Maggie (Lair:1)
  A gargoyle (Volcano)
  10 cane toads
  5 rime drakes
  5 unseen horror zombies (D:9)
  A kobold demonologist (D:10)
  4 komodo dragons
  A red devil (Orc:2)
  A yaktaur (D:10)
  12 meliai
  21 merfolk
  6 trolls
  2 queen bees
  2 polar bears
  10 wind drakes
  2 hornets (D:9)
  34 tarantellas
  10 dream sheep
  3 blink frogs
  11 snapping turtles
  22 jumping spiders
  3 slime creatures (Slime:1)
  12 water elementals
  21 culicivoras
  21 yaks
  A wraith (D:8)
  6 wyverns
  4 steam dragons
  6 hogs (Spider:4)
  A neqoxec (Orc:2)
  4 basilisks
  4 golden eyes (Slime:1)
  70 redbacks
  2 wargs (Orc:2)
  14 water moccasins
  27 orc warriors
  2 black bears
  3 ice beasts
  4 ogres
  3 sky beasts
  12 wolves
  3 centaurs
  5 kobold brigands
  Blork the orc (D:4)
  7 bullfrogs
  2 gnoll sergeants
  A scorpion (D:4)
  15 wights
  52 killer bees
  2 electric eels (Spider:4)
  A howler monkey (D:4)
  2 jellies
  21 orc priests
  3 centaur zombies (D:9)
  5 hounds
  3 gnoll boudas
  3 iguanas
  A sleepcap (D:5)
  17 orc wizards
  2 hell rats
  A killer bee zombie (D:9)
  A howler monkey zombie (D:9)
  25 gnolls
  12 adders
  2 shadow imps
  3 white imps
  An ufetubus (D:6)
  2 worms
  4 dart slugs
  58 orcs
  4 ball pythons
  6 endoplasms
  4 giant cockroaches
  7 hobgoblins
  5 jackals
  32 kobolds
  7 quokkas
  6 bats
  A frilled lizard (D:1)
  6 goblins
  8 rats
  4 foxfires
  2 tentacles (Shoals:4)
1054 creatures vanquished.

Vanquished Creatures (collateral kills)
  A catoblepas (Lair:5)
  A hydra (Lair:5)
  A death yak (Lair:4)
  A skyshark (Shoals:1)
  A lindwurm (Lair:4)
  3 salamanders (Volcano)
  A cyclops (Volcano)
  A manticore (Shoals:2)
  6 elephants
  2 molten gargoyles (Volcano)
  5 cane toads
  2 gargoyles (Volcano)
  2 rime drakes
  5 komodo dragons
  2 meliai (Lair:2)
  A wind drake (Lair:2)
  6 blink frogs
  A jumping spider (Lair:2)
  A wyvern (Lair:4)
  15 yaks
  5 basilisks
  2 water moccasins
  An orc warrior (Orc:1)
  4 wolves
  2 bullfrogs (Lair:3)
  11 killer bees
  2 orc priests (Orc:1)
  3 jellies (Lair:5)
  6 hell rats
  2 orc wizards (Orc:1)
  A gnoll (Orc:2)
  5 orcs
  6 foxfires
108 creatures vanquished.

Vanquished Creatures (others)
  2083 foxfires
  76 fungi
  194 plants
  8 tentacles (Shoals:4)
2361 creatures vanquished.

Grand Total: 3523 creatures vanquished

Notes
Turn   | Place    | Note
-------+----------+-------------------------------------------
     0 | D:1      | gorillaNest the Deep Elf Fire Elementalist began the quest
                  | for the Orb.
     0 | D:1      | Reached XP level 1. HP: 10/10 MP: 6/6
   275 | D:1      | Reached XP level 2. HP: 15/15 MP: 5/8
   278 | D:1      | Learned a level 2 spell: Scorch
   622 | D:1      | Found Amuynox's General Store.
  1043 | D:1      | Reached XP level 3. HP: 19/19 MP: 7/9
  1466 | D:2      | Reached skill level 2 in Conjurations
  1933 | D:2      | Reached XP level 4. HP: 24/24 MP: 5/11
  2645 | D:2      | Found a faded altar of an unknown god.
  3455 | D:3      | Reached XP level 5. HP: 28/28 MP: 8/13
  3804 | D:3      | Found a glowing golden altar of the Shining One.
  4277 | D:4      | Reached skill level 3 in Conjurations
  4286 | D:3      | Learned a level 4 spell: Flame Wave
  4291 | D:3      | Identified a scroll of acquirement
  4291 | D:3      | Acquired the +3 Elemental Staff {rElec rF++ rC++ AC+5}
  4291 | D:3      | Found the +3 Elemental Staff {rElec rF++ rC++ AC+5}
  4437 | D:4      | Reached XP level 6. HP: 32/32 MP: 7/14
  4573 | D:4      | Noticed a steam dragon
  4584 | D:4      | Killed a steam dragon
  4744 | D:4      | Noticed Blork the orc
  4749 | D:4      | Killed Blork the orc
  4750 | D:4      | Reached skill level 5 in Spellcasting
  4750 | D:4      | Reached skill level 4 in Conjurations
  4949 | D:4      | Reached XP level 7. HP: 36/36 MP: 12/16
  5801 | D:5      | Entered Level 5 of the Dungeon
  5813 | D:5      | Reached skill level 5 in Stealth
  5952 | D:5      | Reached skill level 5 in Fire Magic
  6045 | D:5      | Reached skill level 5 in Conjurations
  6368 | D:5      | Found a staircase to the Ecumenical Temple.
  6413 | Temple   | Entered the Ecumenical Temple
  6649 | D:5      | Reached skill level 5 in Dodging
  6935 | D:5      | Found a radiant altar of Vehumet.
  7072 | D:5      | Became a worshipper of Vehumet
  7119 | D:6      | Reached XP level 8. HP: 41/41 MP: 7/18
  7529 | D:5      | Reached skill level 6 in Conjurations
  8972 | D:6      | Reached skill level 7 in Conjurations
  9592 | D:7      | Found a runed translucent door.
  9592 | D:7      | Noticed TimeIsEndless's ghost (novice TeHu)
 10113 | D:7      | Reached XP level 9. HP: 36/45 MP: 15/21
 10360 | D:6      | Learned a level 3 spell: Mephitic Cloud
 10410 | D:7      | Reached * piety under Vehumet
 10410 | D:7      | Offered knowledge of Sandblast by Vehumet.
 10633 | D:7      | Learned a level 1 spell: Apportation
 10692 | D:7      | Reached skill level 1 in Poison Magic
 10700 | D:7      | Reached skill level 8 in Conjurations
 11014 | D:7      | Noticed a cyclops
 11074 | D:7      | Killed a cyclops
 11119 | D:7      | Reached skill level 9 in Conjurations
 11945 | D:7      | Found a glowing silver altar of Zin.
 12116 | D:7      | Killed TimeIsEndless's ghost
 12117 | D:7      | Reached XP level 10. HP: 41/50 MP: 12/24
 12352 | D:8      | Offered knowledge of Momentum Strike by Vehumet.
 12888 | D:8      | Reached ** piety under Vehumet
 13263 | D:8      | Reached skill level 10 in Conjurations
 13952 | D:9      | Noticed a two-headed ogre
 14524 | D:9      | Killed a two-headed ogre
 14525 | D:9      | Reached skill level 5 in Poison Magic
 15093 | D:9      | Reached skill level 11 in Conjurations
 15198 | D:9      | Reached skill level 10 in Spellcasting
 15198 | D:9      | Reached XP level 11. HP: 24/54 MP: 20/27
 15200 | D:9      | Noticed Erolcha
 15797 | D:9      | Offered knowledge of Ignite Poison by Vehumet.
 16241 | D:9      | Killed Erolcha
 16407 | D:9      | Found a basalt altar of Yredelemnul.
 16751 | D:9      | Learned a level 3 spell: Ignite Poison
 16757 | D:9      | Learned a level 5 spell: Lightning Bolt
 16758 | D:10     | Entered Level 10 of the Dungeon
 16864 | D:10     | Noticed a centaur warrior
 16866 | D:10     | Noticed a two-headed ogre
 17095 | D:10     | Noticed a skeletal warrior
 17262 | D:10     | Noticed an orc knight
 17277 | D:10     | Killed an orc knight
 17277 | D:10     | Reached *** piety under Vehumet
 17278 | D:10     | Reached skill level 1 in Fighting
 17278 | D:10     | Reached skill level 12 in Conjurations
 17278 | D:10     | Reached skill level 1 in Air Magic
 17400 | D:10     | Killed a centaur warrior
 17443 | D:10     | Noticed a seven-headed hydra
 17447 | D:10     | Killed a seven-headed hydra
 17800 | D:10     | Killed a skeletal warrior
 18041 | D:10     | Found a staircase to the Orcish Mines.
 18132 | D:10     | Found a staircase to the Lair.
 18178 | D:10     | Found an ornate altar of the Wu Jian Council.
 18196 | D:10     | Killed a two-headed ogre
 18347 | D:10     | Offered knowledge of Iskenderun's Mystic Blast by Vehumet.
 18650 | D:10     | Found a snail-covered altar of Cheibriados.
 19430 | Lair:1   | Entered Level 1 of the Lair of Beasts
 19504 | Lair:1   | Reached skill level 10 in Fire Magic
 19504 | Lair:1   | Reached XP level 12. HP: 57/64 MP: 25/29
 19691 | Lair:1   | Learned a level 4 spell: Iskenderun's Mystic Blast
 19759 | Lair:1   | Reached skill level 13 in Conjurations
 19828 | Lair:1   | Learned a level 4 spell: Airstrike
 19869 | Lair:1   | Reached skill level 1 in Earth Magic
 20123 | Lair:1   | Reached skill level 1 in Summonings
 20367 | Lair:1   | Noticed Maggie
 20370 | Lair:1   | Killed Maggie
 20743 | Lair:1   | Learned a level 4 spell: Summon Lightning Spire
 21241 | Lair:2   | Found a staircase to the Shoals.
 21261 | Lair:2   | Noticed a catoblepas
 21282 | Lair:2   | Reached **** piety under Vehumet
 21292 | Lair:2   | Killed a catoblepas
 21497 | Lair:2   | Offered knowledge of Lee's Rapid Deconstruction by Vehumet.
 21603 | Lair:2   | Noticed a catoblepas
 21614 | Lair:2   | Killed a catoblepas
 21615 | Lair:2   | Reached skill level 14 in Conjurations
 21786 | Lair:2   | Reached skill level 5 in Air Magic
 22440 | Lair:2   | Identified the +1 pair of boots of Peubomag {rF+}
 22443 | Lair:2   | Reached XP level 13. HP: 72/72 MP: 27/31
 22917 | Lair:2   | Reached ***** piety under Vehumet
 22917 | Lair:2   | Offered knowledge of Starburst by Vehumet.
 22927 | Lair:2   | Learned a level 6 spell: Starburst
 23049 | Lair:2   | Found a hole to the Spider Nest.
 23759 | Lair:3   | Noticed Gastronok
 23771 | Lair:3   | Killed Gastronok
 23772 | Lair:3   | Reached skill level 5 in Fighting
 24631 | Lair:4   | Reached skill level 15 in Conjurations
 24967 | Lair:4   | Reached skill level 1 in Ice Magic
 26495 | Lair:5   | Entered Level 5 of the Lair of Beasts
 26512 | Lair:5   | Found a dark tunnel.
 26526 | Volcano  | Entered a volcano
 26867 | Volcano  | Reached XP level 14. HP: 80/80 MP: 24/33
 27465 | Volcano  | Noticed an orb of fire
 27706 | Volcano  | Noticed an orb of fire
 28644 | Lair:5   | Reached skill level 16 in Conjurations
 28819 | Lair:5   | Found a staircase to the Slime Pits.
 28866 | Lair:5   | Reached skill level 5 in Earth Magic
 28999 | Lair:4   | Learned a level 5 spell: Fireball
 29905 | Lair:5   | Offered knowledge of Iron Shot by Vehumet.
 30084 | Lair:5   | Found a viscous altar of Jiyva.
 30328 | Lair:5   | Reached skill level 5 in Ice Magic
 30647 | Lair:5   | Found the +8 longbow "Zephyr" {speed, Dex+3 SInv}
 30965 | Lair:5   | Identified the ring of Vuafenna {Fire Will+ MP+9 Int+2}
 31430 | Lair:2   | Upgraded the game from 0.30-a0-845-g7c6808c8ce to
                  | 0.30-a0-859-gf88a04b62d
 31620 | D:1      | Bought the +0 robe of Sopheul {Will+} for 186 gold pieces
 31798 | Shoals:1 | Entered Level 1 of the Shoals
 32285 | Shoals:1 | Found Ystar's Visitors' Centre.
 32559 | Shoals:1 | Found Ystar's Merfolk Weapons.
 32559 | Shoals:1 | Found Ystar's Merfolk Magic.
 33356 | Shoals:1 | Reached XP level 15. HP: 68/88 MP: 33/35
 35361 | Shoals:2 | Reached skill level 15 in Spellcasting
 35495 | Shoals:2 | Found Qughaseo's Armour Shop.
 35826 | Shoals:2 | Offered knowledge of Conjure Ball Lightning by Vehumet.
 36794 | Shoals:3 | Identified the +1 robe of the First Snow {rN+}
 37495 | Shoals:3 | Found a transporter.
 37499 | Shoals:3 | Found a transporter.
 37543 | Shoals:3 | Found Qoicwop's Antique Armour Shop.
 37621 | Shoals:3 | Reached skill level 17 in Conjurations
 37990 | Shoals:3 | Reached skill level 10 in Fighting
 38077 | Shoals:3 | Found a transporter.
 38079 | Shoals:3 | Found a transporter.
 38093 | Shoals:3 | Found a transporter.
 38095 | Shoals:3 | Found a transporter.
 38153 | Shoals:3 | Found a runed translucent door.
 38154 | Shoals:3 | Noticed pzskc383's ghost (adept GrFi)
 38557 | Shoals:4 | Entered Level 4 of the Shoals
 38760 | Shoals:4 | Reached XP level 16. HP: 98/98 MP: 32/38
 39255 | Shoals:4 | Noticed a kraken
 39406 | Shoals:4 | Killed a kraken
 39730 | Shoals:4 | Found Sona Miw's Book Shop.
 39736 | Shoals:4 | Bought a book of Dangerous Friends for 680 gold pieces
 39744 | Shoals:4 | Learned a level 7 spell: Orb of Destruction
 40795 | Shoals:4 | Offered knowledge of Iskenderun's Battlesphere by Vehumet.
 41493 | Shoals:4 | Noticed Ilsuiw
 41497 | Shoals:4 | Killed Ilsuiw
 41498 | Shoals:4 | Reached skill level 10 in Stealth
 42347 | Shoals:4 | Got a barnacled rune of Zot
 43475 | Orc:1    | Entered Level 1 of the Orcish Mines
 43699 | Orc:2    | Entered Level 2 of the Orcish Mines
 43699 | Orc:2    | Noticed Sonja
 43700 | Orc:2    | Killed Sonja
 44057 | Orc:2    | Found a staircase to the Elven Halls.
 44360 | Orc:2    | Offered knowledge of Freezing Cloud by Vehumet.
 44618 | Orc:2    | Found Onliw's General Store.
 44620 | Orc:2    | Found Gylit Tuor's General Store.
 45335 | Orc:2    | Reached XP level 17. HP: 106/106 MP: 40/40
 45349 | Orc:2    | Found Gagg's Antique Weapon Shop.
 45349 | Orc:2    | Found Lehudor's Book Boutique.
 45377 | Orc:2    | Found a one-way gate leading to the halls of Pandemonium.
 45541 | Orc:1    | Reached skill level 10 in Dodging
 45544 | Orc:1    | Reached skill level 18 in Conjurations
 46225 | Orc:2    | Learned a level 5 spell: Freezing Cloud
 46409 | Shoals:4 | Upgraded the game from 0.30-a0-859-gf88a04b62d to
                  | 0.30-a0-860-g512cf1e979
 46505 | Spider:1 | Entered Level 1 of the Spider Nest
 46985 | Lair:2   | Offered knowledge of Yara's Violent Unravelling by Vehumet.
 47077 | Lair:2   | Found a hole to the Spider Nest.
 47358 | Lair:2   | Found a staircase to the Shoals.
 50085 | Spider:2 | Offered knowledge of Maxwell's Capacitive Coupling by
                  | Vehumet.
 50633 | Spider:2 | Noticed Nikola
 51475 | Spider:2 | Noticed Louise
 51478 | Spider:2 | Killed Louise
 51748 | Spider:2 | Killed Nikola
 53713 | Spider:3 | Reached skill level 5 in Summonings
 55472 | Spider:3 | Reached XP level 18. HP: 114/114 MP: 35/41
 58366 | Spider:4 | Entered Level 4 of the Spider Nest
 58369 | Spider:4 | Noticed Kirke
 58710 | Spider:4 | Killed Kirke
 59290 | Spider:4 | Reached ****** piety under Vehumet
 59573 | Spider:4 | Reached skill level 19 in Conjurations
 61136 | Spider:4 | Got a gossamer rune of Zot
 61622 | Slime:1  | Entered Level 1 of the Pits of Slime
 61637 | Slime:1  | Offered knowledge of Fire Storm by Vehumet.
 61637 | Slime:1  | Offered knowledge of Shatter by Vehumet.
 61637 | Slime:1  | Offered knowledge of Ignition by Vehumet.
 61917 | Slime:1  | Slain by a rockslime

Illustrated notes

Levels and vault maps discovered:
D:1:      matt_arrival_los_fun, layout_loops_ring, serial_shops, shop,
          chequers_serial_rivers_small_3, minmay_crystal_room, st_stairs_2
D:2:      layout_rooms, chequers_ecumenical_altar_island, minmay_pentomino_pile
D:3:      layout_loops_ring, nicolae_overflow_hidden_temple
D:4:      layout_rooms, kennysheep_generic_room_7, uniq_blork_the_orc
D:5:      layout_rooms, nicolae_vehumet_radiance, minmay_temple_entry_slanted
D:6:      layout_basic
D:7:      cheibrodos_barr_body, layout_rooms, mainiacjoe_overflow_chevrons,
          hellmonk_ghost_happy_afterlife, grunt_decor_mini_mirrors
D:8:      layout_basic
D:9:      layout_layer_cave, nicolae_yredelemnul_corpse_copse, glass_columns_b,
          uniq_erolcha
D:10:     minmay_diamond_stairs, layout_basic, nicolae_wu_jian_wuxing_cycle,
          cheibrodos_worm_habitat
D:11:     layout_cave_pools, serial_shops, nicolae_diamond_shop,
          minmay_mirror_moons_of_madness
Temple:   nicolae_temple_elliptical
Lair:1:   layout_misc_corridors, grunt_megastairs_5, uniq_maggie
Lair:2:   regret_index_combs_of_tragedy, layout_gridlike,
          minmay_shoals_entry_beasts, spider_nest_entry_a, portal_ice_cave_rime,
          chequers_serial_rivers_micro_b
Lair:3:   layout_cave_pods, uniq_gastronok
Lair:4:   layout_regular_city
Lair:5:   hangedman_lair_in_review, layout_cave_shapes,
          nicolae_slime_entry_field_trip, nicolae_volcano_entry_lava_flow
Shoals:1: nicolae_shoals_mermall, layout_shoals
Shoals:2: layout_shoals, serial_shops, nicolae_shop_behind_doors
Shoals:3: layout_shoals, serial_shops, nicolae_take_the_stairs,
          ebering_ghost_inner_flame, serial_nicolae_subway,
          nicolae_sub_station_crystal, nicolae_sub_station_metal,
          nicolae_sub_station_stone
Shoals:4: shoals_end_simple, layout_shoals, shoal_ilsuiw, serial_shops,
          nicolae_shop_hallway_plus, nicolae_shoals_arrival_archipelago
Spider:1: layout_spider_delve, nicolae_spider_solar_radiation
Spider:2: layout_spider_delve, uniq_nikola, uniq_louise
Spider:3: cheibrodos_forgotten_conduit, spiders_nest_spider_trap
Spider:4: grunt_spider_rune_circles, nicolae_spider_not_touching_you, uniq_kirke
Slime:1:  layout_caves
Slime:2:  layout_caves, nicolae_slime_rock_hall_of_fame
Orc:1:    layout_caves, special_room [special_room_bee], mines4_lemuel
Orc:2:    pf_orc_diabolical, layout_caves, basic_altar, uniq_sonja

Skill      XL: |  1  2  3  4  5  6  7  8  9 10 11 12 13 14 15 16 17 18 |
---------------+-------------------------------------------------------+-----
Stealth        | 3 4 5 8 10 | 10.3
Dodging        | 3 4 5 6 7 8 9 13 | 13.3
Conjurations   | 2 3 4 5 7 9 11 12 14 15 16 17 18 19 | 19.3
Fire Magic     | 4 5 6 7 8 10 11 12 | 12.8
Spellcasting   | 4 5 7 8 10 11 12 13 14 16 17 18 | 18.5
Poison Magic   | 3 5 6 |  6.1
Fighting       | 2 4 6 8 10 11 13 | 13.8
Air Magic      | 3 5 6 |  6.0
Earth Magic    | 1 3 6 7 |  7.5
Summonings     | 3 4 5 6 |  6.0
Ice Magic      | 3 5 6 8 |  8.1

Action                     |  1- 3 |  4- 6 |  7- 9 | 10-12 | 13-15 | 16-18 || total
---------------------------+-------+-------+-------+-------+-------+-------++-------
  Melee: Unarmed           |     1 |       |       |       |       |       ||     1
         Staff             |       |       |     2 |     2 |    17 |     1 ||    22
         Punch             |       |       |       |       |     1 |       ||     1
   Cast: Foxfire           |   103 |   150 |   303 |   373 |   206 |   132 ||  1267
         Scorch            |       |    18 |    53 |   132 |    88 |   142 ||   433
         Mephitic Cloud    |       |       |     5 |    22 |    19 |     3 ||    49
         Flame Wave        |       |       |     2 |     9 |       |       ||    11
         Lightning Bolt    |       |       |       |    66 |    79 |    87 ||   232
         Apportation       |       |       |       |     2 |    36 |    14 ||    52
         Summon Lightning  |       |       |       |    24 |   107 |    11 ||   142
         Airstrike         |       |       |       |     7 |    42 |    10 ||    59
         Iskenderun's Myst |       |       |       |     2 |       |       ||     2
         Fireball          |       |       |       |       |   131 |   256 ||   387
         Starburst         |       |       |       |       |     6 |   162 ||   168
         Orb of Destructio |       |       |       |       |       |    13 ||    13
         Freezing Cloud    |       |       |       |       |       |   210 ||   210
  Evoke: Wand              |       |       |       |       |     1 |     3 ||     4
    Use: Scroll            |     3 |     7 |     6 |     4 |    10 |     8 ||    38
         Potion            |       |       |       |     2 |     6 |    10 ||    18
 Armour: Robe              |       |     1 |     6 |    33 |     8 |     5 ||    53
         Swamp dragon scal |       |       |       |       |       |   136 ||   136
  Dodge: Dodged            |     7 |     7 |    45 |    80 |    40 |   169 ||   348
  Block: Buckler           |       |       |       |       |       |   100 ||   100

Table legend: (Time is in decaauts)
 A = Elapsed time spent in this place.
 B = Non-inter-level travel time spent in this place.
 C = Inter-level travel time spent in this place.
 D = Time resting spent in this place.
 E = Time spent auto-exploring this place.
 F = Levels seen in this place.
 G = Mean time per level.
                   A        B        C        D        E       F      G
               +--------+--------+--------+--------+--------+-----+--------+
         Total |  62008 |  58960 |   3048 |  30541 |  14514 |  30 | 2066.9 |
       Dungeon |  19732 |  18676 |   1056 |   7348 |   8333 |  11 | 1793.8 |
        Temple |    159 |    133 |     26 |      0 |    118 |   1 |  159.0 |
          Lair |  12880 |  11960 |    920 |   5833 |   3004 |   5 | 2576.0 |
        Shoals |  11620 |  11054 |    566 |   5721 |    812 |   4 | 2905.0 |
   Spider Nest |  13165 |  12847 |    318 |   9549 |   1373 |   4 | 3291.2 |
    Slime Pits |    294 |    274 |     20 |    131 |    116 |   2 |  147.0 |
  Orcish Mines |   2779 |   2640 |    139 |   1090 |    757 |   2 | 1389.5 |
       Volcano |   1376 |   1376 |      0 |    869 |      0 |   1 | 1376.0 |
               +--------+--------+--------+--------+--------+-----+--------+

Top non-repeatable levels by time:
Spider:2: 5548 daAuts
  Lair:2: 4363 daAuts
Shoals:4: 4135 daAuts
Spider:3: 3910 daAuts
     D:9: 3161 daAuts
Shoals:2: 2956 daAuts
     D:7: 2633 daAuts
  Lair:5: 2603 daAuts
  Lair:4: 2348 daAuts
Shoals:1: 2320 daAuts
     D:8: 2253 daAuts
Shoals:3: 2207 daAuts
    D:10: 2064 daAuts
  Lair:1: 1988 daAuts
Spider:4: 1959 daAuts
